 Dungeon Crawl Stone Soup version 0.27-a0-1557-g57f10a385c (webtiles) character file.

Game seed: 8615120270367165157

56 duskshroud the Chopper (level 3, -1/34 HPs)
             Began as a Minotaur Berserker on July 15, 2021.
             Was a Believer of Trog.
             Slain by an orc wizard (2 damage)
             ... on level 3 of the Dungeon.
             The game lasted 00:17:30 (1911 turns).

duskshroud the Chopper (Minotaur Berserker)         Turns: 1911, Time: 00:17:30

Health: -1/34      AC:  4    Str: 21    XL:     3   Next: 71%
Magic:  2/2        EV: 12    Int:  4    God:    Trog [**....]
Gold:   111        SH:  0    Dex: 10    Spells: 2/2 levels left

rFire    . . .     SeeInvis .   a - +0 hand axe
rCold    . . .     Faith    .   (no shield)
rNeg     . . .     Spirit   .   b - +0 animal skin
rPois    .         Reflect  .   (helmet restricted)
rElec    .         Harm     .   e - +0 cloak
rCorr    .         Rampage  .   (no gloves)
Will     .....                  l - +0 pair of boots
Stlth    +.........             (no amulet)
HPRegen  0.11/turn              (no ring)
MPRegen  0.08/turn              (no ring)

@: confused, on berserk cooldown, slowed, very slow
A: horns 2, retaliatory headbutt
a: Renounce Religion, Berserk, Trog's Hand


You were on level 3 of the Dungeon.
You worshipped Trog.
Trog was pleased with you.
You visited 1 branch of the dungeon, and saw 3 of its levels.

You collected 176 gold pieces.
You spent 65 gold pieces at shops.

Inventory:

Hand Weapons
 a - a +0 hand axe (weapon)
 d - a +0 mace
 m - a +1 antimagic hand axe
 o - a +0 flail
Armour
 b - a +0 animal skin (worn)
 e - a +0 cloak (worn)
 l - a +0 pair of boots (worn)
 n - a +0 leather armour
Scrolls
 f - a scroll of noise {unknown}
 h - a scroll of immolation {unknown}
 j - a scroll of teleportation
Potions
 c - a potion of mutation
 g - 2 potions of might {unknown}
 i - a potion of magic {unknown}
 k - a potion of curing {unknown}


   Skills:
 + Level 4.3 Fighting
 * Level 5.0 Axes
 + Level 2.5 Armour
 - Level 2.1 Dodging
 + Level 0.2 Stealth


You had 2 spell levels left.
You didn't know any spells.
Your spell library was empty.

Dungeon Overview and Level Annotations

Branches:
Dungeon (3/15)

Altars:

Shops:
D:1 *   D:2 :?*(   D:3 :


Innate Abilities, Weirdness & Mutations

You have a pair of horns on your head.
You reflexively headbutt those who attack you in melee.


Message History

You see here a rat skeleton.
You're too confused to move!
You feel less confused.
You hear some strange, mumbled words.
You are confused.
You're too confused to move!
You hear some strange, mumbled words.
You are more confused.
You hear some strange, mumbled words.
Something tries to affect you, but you resist.
An orc wizard appears from thin air!
Reactivating autopickup.
The orc wizard casts a spell at you. You resist with significant effort.
You are too confused!
The orc wizard casts a spell at you. You resist with significant effort.
You barely miss the orc wizard.
The orc wizard is moderately wounded.
The orc wizard closely misses you.
You miss the orc wizard.
The orc wizard is moderately wounded.
The orc wizard barely misses you. x2
The orc wizard casts a spell at you.
You are more confused.
The orc wizard gestures at you while chanting.
You resist with significant effort.
The orc wizard points at you and mumbles some strange words.
You resist with significant effort.
The orc wizard points at you and mumbles some strange words.
You resist with significant effort.
The orc wizard hits you but does no damage.
You closely miss the orc wizard. Your headbutt misses the orc wizard.
The orc wizard is lightly wounded.
The orc wizard barely misses you.
Okay, then.
The orc wizard hits you with a +0 dagger.
* * * LOW HITPOINT WARNING * * *
The orc wizard hits you with a +0 dagger.
You die...

########### ..........#
..........######
..........##...#
.......@o.##÷..#
..........÷<..##
..........)####
.........).########### #.
#.........)###........# .##
##...........###........#
..##..####.##.####.........#
..#.##.... #.# ........
#.#.#..## .. ....S


You could see an orc wizard.

Vanquished Creatures
  5 orcs (D:3)
  2 bats (D:1)
  2 endoplasms
  2 giant cockroaches (D:1)
  9 goblins
  4 hobgoblins
  4 jackals (D:2)
  2 kobolds (D:1)
  2 quokkas
  6 ball pythons
  2 frilled lizards
  3 rats
43 creatures vanquished.

Vanquished Creatures (others)
  3 plants (D:2)
3 creatures vanquished.

Grand Total: 46 creatures vanquished

Notes
Turn   | Place    | Note
-------+----------+-------------------------------------------
     0 | D:1      | duskshroud the Minotaur Berserker began the quest for the
                  | Orb.
     0 | D:1      | Reached XP level 1. HP: 19/19 MP: 0/0
    11 | D:1      | Noticed an eye of devastation
    20 | D:1      | Noticed a floating eye
    91 | D:1      | Reached skill level 4 in Axes
   151 | D:1      | Reached XP level 2. HP: 27/27 MP: 1/1
   217 | D:1      | Found a faded altar of an unknown god.
   217 | D:1      | Noticed a great orb of eyes
   237 | D:1      | Noticed a golden eye
   434 | D:1      | Found Wicehog's General Store.
   931 | D:2      | Found Beurapn's Assorted Antiques.
   965 | D:2      | Found Ascharuf's Weapon Emporium.
  1138 | D:2      | Reached XP level 3. HP: 33/33 MP: 2/2
  1163 | D:2      | Reached ** piety under Trog
  1184 | D:2      | Found Bitoh's Magic Scroll Emporium.
  1211 | D:2      | Bought a scroll of teleportation for 39 gold pieces
  1211 | D:2      | Bought a scroll of identify for 26 gold pieces
  1243 | D:2      | Found Ofeih's General Store.
  1260 | D:2      | Found Awnon's Book Shoppe.
  1597 | D:3      | Found Jamuqoll's Book Emporium.
  1884 | D:3      | Reached skill level 5 in Axes
  1899 | D:3      | HP: 1/34 [something (3)]
  1911 | D:3      | HP: 1/34 [orc wizard (2)]
  1911 | D:3      | Slain by an orc wizard

Illustrated notes

Levels and vault maps discovered:
D:1:      dpeg_arrival_pits, layout_loops_ring, serial_shops, shop_statue,
          hellmonk_ecumenical_altar_watching_god
D:2:      layout_rooms, serial_shops, nicolae_shop_statue_plus, shop,
          nicolae_shop_overgrown_old_shop, shop_coins, nicolae_shop_statue_plus
D:3:      layout_rooms, nicolae_tso_besieged_by_evil, serial_shops, shop

Skill      XL: |  1  2  3 |
---------------+----------+-----
Axes           | 4 5 |  5.0
Fighting       | 4 |  4.3
Armour         | |  2.5
Dodging        | |  2.1
Stealth        | |  0.2

Action                   || total
-------------------------++-------
Melee: Hand axe          ||   115
       Headbutt          ||    16
Invok: Berserk           ||     1
  Use: Scroll            ||     1
 Stab: Sleeping          ||     1
Armor: Animal skin       ||    32
Dodge: Dodged            ||    68

Table legend: (Time is in decaauts)
 A = Elapsed time spent in this place.
 B = Non-inter-level travel time spent in this place.
 C = Inter-level travel time spent in this place.
 D = Time resting spent in this place.
 E = Time spent auto-exploring this place.
 F = Levels seen in this place.
 G = Mean time per level.
                   A        B        C        D        E       F      G
               +--------+--------+--------+--------+--------+-----+--------+
         Total |   1930 |   1738 |    192 |    165 |   1091 |   3 |  643.3 |
       Dungeon |   1930 |   1738 |    192 |    165 |   1091 |   3 |  643.3 |
               +--------+--------+--------+--------+--------+-----+--------+

Top non-repeatable levels by time:
     D:1: 992 daAuts
     D:2: 839 daAuts
     D:3: 98 daAuts
